AoeStats
← Nashushamen

MegaRandom

509938492Analyzed
4v4 RM · 4d ago on Sep 28, 2026· 59m 37s· 8 players
Game mode
Random Map
Map size
Large (8 player)
Population
200
Speed
Normal
Resources
Standard
Victory
Conquest
Starting age
Dark Age
Ending age
Imperial Age
RankedLock teamsTeams togetherTeam positionsShared explorationLock speedFull tech treeHidden civsTurbo modeCheats
Victory
Defeat
🇫🇷 Franks · France
550
+13
🇷🇺 Franks · Russia
497
+14
🇺🇸 Saxons · United States
483
+15
🇨🇴 Bohemians · Colombia
477
+15
🇦🇷 Italians · Argentina
1000
-150
🇦🇷 Portuguese · Argentina
325
-9
🇦🇷 Teutons · Argentina
309
-9
🇦🇷 Poles · Argentina
305
-8
LAUTY71990
1:06 Loom
15:59 Feudal Age
19:30 Wheelbarrow
21:27 Town Watch
27:14 Castle Age
26:38 Double-Bit Axe
26:46 Stone Mining
26:50 Gold Mining
28:23 Hand Cart
33:02 Circumnavigation
35:54 Imperial Age
36:35 Town Patrol
38:35 Arquebus
37:58 Elite Organ Gun
43:24 Conscription
44:40 Fletching
45:00 Forging
44:50 Scale Mail Armor
44:56 Scale Barding Armor
44:51 Padded Archer Armor
47:45 Bodkin Arrow
48:25 Iron Casting
48:06 Chain Mail Armor
48:12 Chain Barding Armor
48:07 Leather Archer Armor
49:55 Chemistry
52:19 Bow Saw
54:40 Ring Archer Armor
54:10 Bracer
55:10 Blast Furnace
54:41 Plate Mail Armor
54:46 Plate Barding Armor
rex77731
0:44 Loom
15:33 Feudal Age
16:12 Man-at-Arms
16:56 Gold Mining
16:57 Stone Mining
16:59 Town Watch
17:24 Double-Bit Axe
17:22 Horse Collar
20:43 Forging
21:15 Scale Mail Armor
24:03 Wheelbarrow
27:54 Castle Age
28:58 Squires
28:44 Arson
28:21 Long Swordsman
28:22 Pikeman
29:59 Stone Shaft Mining
31:39 Heavy Plow
32:00 Hand Cart
31:45 Town Patrol
34:01 Caravan
36:12 Szlachta Privileges
39:44 Iron Casting
39:26 Chain Mail Armor
39:16 Scale Barding Armor
39:36 Ballistics
39:06 Guard Tower
39:28 Masonry
38:59 Treadmill Crane
39:22 Murder Holes
39:41 Fortified Wall
45:10 Imperial Age
43:26 Chain Barding Armor
43:24 Bloodlines
45:25 Bow Saw
45:41 Husbandry
47:18 Crop Rotation
47:55 Blast Furnace
47:26 Plate Mail Armor
47:59 Chemistry
47:26 Conscription
48:19 Coinage
47:24 Elite Obuch
47:54 Two-Handed Swordsman
49:37 Banking
50:32 Cavalier
50:42 Light Cavalry
52:10 Keep
54:10 Lechitic Legacy
53:47 Winged Hussar
59:15 Champion
Maurusoscuro
16:56 Feudal Age
18:46 Wheelbarrow
24:35 Double-Bit Axe
28:59 Castle Age
30:38 Bow Saw
30:25 Gold Mining
30:26 Stone Mining
36:23 Hand Cart
37:46 Horse Collar
43:42 Imperial Age
44:24 Town Watch
46:05 Two-Man Saw
46:23 Elite Teutonic Knight
51:31 Scale Mail Armor
51:44 Forging
51:41 Scale Barding Armor
Tincho123471133
2:39 Loom
20:24 Feudal Age
27:48 Castle Age
26:37 Wheelbarrow
25:47 Town Watch
30:28 Hand Cart
30:14 Town Patrol
32:47 Crossbowman
50:22 Imperial Age
51:47 Forging
51:38 Scale Mail Armor
51:43 Scale Barding Armor
51:39 Padded Archer Armor
51:29 Fletching
Cool
14:45 Feudal Age
16:29 Double-Bit Axe
17:53 Gold Mining
19:40 Loom
22:03 Wheelbarrow
21:24 Stone Mining
25:20 Castle Age
26:35 Bow Saw
26:23 Horse Collar
29:12 Gold Shaft Mining
29:03 Caravan
35:59 Hand Cart
36:04 Arson
36:19 Squires
36:07 Gambesons
36:30 Scale Mail Armor
36:41 Forging
37:59 Husbandry
38:10 Bloodlines
38:26 Chain Mail Armor
38:47 Iron Casting
38:02 Fletching
44:22 Bodkin Arrow
47:03 Imperial Age
48:30 Heavy Plow
49:39 Two-Man Saw
49:38 Guilds
49:59 Coinage
51:34 Elite Varangian Guard
52:51 Plate Mail Armor
52:22 Bracer
52:26 Padded Archer Armor
55:32 Shield Wall
56:43 Conscription
Nashushamen
0:47 Loom
14:43 Feudal Age
15:12 Double-Bit Axe
15:34 Gold Mining
19:25 Arson
19:45 Stone Mining
23:30 Fletching
23:51 Forging
23:41 Scale Mail Armor
23:51 Scale Barding Armor
28:27 Castle Age
27:39 Wheelbarrow
26:50 Town Watch
30:00 Caravan
30:56 Bow Saw
31:36 Gold Shaft Mining
33:22 Hand Cart
33:10 Town Patrol
34:34 Bodkin Arrow
35:15 Iron Casting
35:01 Chain Barding Armor
34:56 Chain Mail Armor
35:20 Treadmill Crane
35:51 Fortified Wall
35:37 Murder Holes
36:03 Ballistics
36:41 Masonry
36:09 Pikeman
36:49 Squires
41:54 Imperial Age
40:23 Husbandry
44:39 Chivalry
44:59 Conscription
45:20 Hoardings
44:55 Siege Engineers
45:20 Architecture
45:52 Chemistry
44:21 Cavalier
44:24 Halberdier
46:08 Blast Furnace
45:45 Plate Barding Armor
45:41 Plate Mail Armor
46:02 Paladin
EvilDriver2000
12:41 Feudal Age
13:24 Double-Bit Axe
13:23 Horse Collar
15:52 Wheelbarrow
16:27 Town Watch
27:15 Castle Age
32:19 Chemistry
31:31 Fortified Wall
33:02 Caravan
33:38 Coinage
35:51 Wagenburg Tactics
36:04 Bow Saw
41:38 Imperial Age
39:24 Hand Cart
39:34 Hand Cart
39:20 Town Patrol
42:23 Heavy Plow
43:29 Two-Man Saw
42:56 Murder Holes
45:59 Elite Hussite Wagon
xLEOx
16:39 Feudal Age
22:05 Castle Age
23:41 Gold Mining
23:45 Stone Mining
24:00 Double-Bit Axe
24:58 Gold Shaft Mining
28:21 Bow Saw
31:56 Fortified Wall
33:07 Wheelbarrow
35:06 Imperial Age
35:21 Padded Archer Armor
35:12 Fletching
38:03 Hand Cart
38:52 Conscription
37:53 Elite Throwing Axeman
38:51 Leather Archer Armor
38:32 Bodkin Arrow
38:58 Masonry
38:28 Treadmill Crane
38:54 Siege Engineers
38:44 Murder Holes
44:24 Husbandry
45:10 Ballistics
46:15 Masonry
47:09 Chemistry
46:15 Cavalier
49:46 Paladin
51:30 Scale Barding Armor
51:36 Forging
52:37 Chain Barding Armor
Connection lost

Rejoining the realm…

Still unreachable

The connection could not be restored.

Session expired

The server has moved on; the page needs a fresh start.